 Dungeon Crawl Stone Soup version 0.30-a0-800-g7c544603b3 (webtiles) character file.

Game seed: 13844718429378195935

579016 AzureAlchemist the Sensei (level 27, -8/220 HPs)
             Began as a Vine Stalker Fighter on Feb 21, 2023.
             Was the Champion of Nemelex Xobeh.
             Mangled by a quicksilver ooze (17 damage)
             ... created by the Royal Jelly
             ... on level 2 of the Abyss on Feb 22, 2023.
             The game lasted 06:07:06 (62149 turns).

AzureAlchemist the Sensei (Vine Stalker Fighter)   Turns: 62149, Time: 06:07:07

Health: -8/220     AC: 12    Str: 42      XL:     27
Magic:  0/38       EV: 22    Int: 19 (22) God:    Nemelex Xobeh [******]
Gold:   6960       SH:  0    Dex: 30      Spells: 21/46 levels left

rFire   + + .      SeeInvis .      - Unarmed
rCold   x x .      Faith    .    (shield currently unavailable)
rNeg    . . .      Spirit   +    (body armour currently unavailable)
rPois   +          Reflect  .    (helmet currently unavailable)
rElec   .          Harm     .    (cloak currently unavailable)
rCorr   +          Rampage  .    (gloves currently unavailable)
Will    +++..                    (boots currently unavailable)
Stlth   +                        G - amulet "Emopreid" {RegenMP Dex+2}
HPRegen 1.36/turn                Z - ring of Xubeu {rPois rC- Str+6 Int+8 Stlth-}
MPRegen 0.66/turn                C - ring of the Sturgeon {rCorr Str+5 Int+6 Dex+4}

@: about to teleport, dragon-form, corroded, flying
A: dragon claw, dragon scales, breathe fire, flying, boosted hp, giant, (fangs
3), regeneration 1, magic shield, (antimagic bite), no potion heal 2, clumsy 1
}: 3/15 runes: decaying, serpentine, silver
a: Breathe Fire, End Transformation, Renounce Religion, Draw Escape, Draw
Destruction, Draw Summoning, Triple Draw, Deal Four, Stack Five


You were on level 2 of the Abyss.
You worshipped Nemelex Xobeh.
Nemelex Xobeh was exalted by your worship.
You were a fearsome dragon!
You visited 9 branches of the dungeon, and saw 47 of its levels.
You visited the Abyss 2 times.
You also visited: Sewer, Ossuary, Gauntlet and Ice Cave.

You collected 8985 gold pieces.
You spent 2025 gold pieces at shops.

Inventory:

Hand Weapons
 b - a +9 sling of chaos
 S - the +10 long sword of the Apocalypse {spect, +Blink rCorr Int+2}
   (You took it off a deep elf death mage on level 3 of the Elven Halls)

   Int:       It affects your intelligence (+2).
   +Blink:    It lets you blink.
   rCorr:     It protects you from acid and corrosion.
Missiles
 P - 6 curare-tipped darts (quivered)
Armour
 e - a +2 hat (melded)
 f - a +3 leather armour of fire resistance (melded)
 n - a +3 buckler of poison resistance (melded)
 z - a +2 pair of gloves (melded)
 A - a +2 cloak of willpower (melded)
 W - a +2 pair of boots of rampaging (melded)
Jewellery
 o - a ring of see invisible
 q - a ring of wizardry
 C - the ring of the Sturgeon (right foreclaw) {rCorr Str+5 Int+6 Dex+4}
   (You found it on level 2 of the Elven Halls)

   [ring of intelligence]

   Str:       It affects your strength (+5).
   Int:       It affects your intelligence (+6).
   Dex:       It affects your dexterity (+4).
   rCorr:     It protects you from acid and corrosion.
 G - the amulet "Emopreid" (around neck) {RegenMP Dex+2}
   (You took it off a deep elf sorcerer on level 3 of the Elven Halls)

   [amulet of magic regeneration]

   It increases your rate of magic regeneration.
   Dex:       It affects your dexterity (+2).
 V - a ring of ice
 Z - the ring of Xubeu (left foreclaw) {rPois rC- Str+6 Int+8 Stlth-}
   (You bought it in a shop on level 3 of the Snake Pit)

   [ring of strength]

   Str:       It affects your strength (+6).
   Int:       It affects your intelligence (+8).
   rC:        It makes you vulnerable to cold.
   rPois:     It protects you from poison.
   Stlth:     It makes you less stealthy.
Wands
 a - a wand of polymorph (2)
 Q - a wand of digging (16)
Scrolls
 d - 12 scrolls of teleportation
 j - 6 scrolls of fear
 t - 13 scrolls of fog
 w - 8 scrolls of enchant armour
 y - 8 scrolls of immolation
 E - 5 scrolls of butterflies
 H - 5 scrolls of silence
 J - 3 scrolls of magic mapping
 M - 6 scrolls of vulnerability
 N - 5 scrolls of amnesia
 Y - 3 scrolls of poison
Potions
 c - 11 potions of might
 g - 18 potions of curing
 h - 9 potions of brilliance
 i - 9 potions of lignification
 k - 4 potions of berserk rage
 l - 8 potions of invisibility
 m - 2 potions of cancellation
 p - 7 potions of magic
 r - 6 potions of mutation
 s - 7 potions of attraction
 u - 5 potions of haste
 D - 3 potions of resistance
 F - 2 potions of ambrosia
Miscellaneous
 I - a phantom mirror
 K - a condenser vane
 T - a phial of floods


   Skills:
 - Level 16.0 Fighting
 - Level 12.0 Ranged Weapons
 - Level 13.0 Armour
 - Level 15.0 Dodging
 - Level 10.0 Shields
 + Level 25.4 Unarmed Combat
 - Level 10.0 Spellcasting
 - Level 5.0 Conjurations
 - Level 5.0 Hexes
 - Level 7.0 Translocations
 - Level 19.0 Transmutations
 - Level 15.0 Invocations


You had 21 spell levels left.
You knew the following spells:

 Your Spells              Type           Power      Damage    Failure   Level
a - Wereblood             Tmut           69%        N/A       0%          2
b - Blink                 Tloc           72%        N/A       1%          2
c - Ice Form              Ice/Tmut       45%        N/A       1%          4
e - Yara's Violent Unrav  Hex/Tmut       26%        3d11      1%          5
f - Irradiate             Conj/Tmut      26%        3d20      1%          5
g - Dragon Form           Tmut           34%        N/A       2%          7

Your spell library contained the following spells:

 Spells                   Type           Power      Damage    Failure   Level
 Beastly Appendage        Tmut           100%       N/A       0%          1
 Apportation              Tloc           72%        N/A       1%          1
 Magic Dart               Conj           100%       1d8       1%          1
 Slow                     Hex            100%       N/A       1%          1
 Sting                    Tmut/Pois      100%       1d8       1%          1
 Lesser Beckoning         Tloc           72%        N/A       1%          2
 Momentum Strike          Conj/Tloc      64%        3d9       1%          2
 Passwall                 Tmut/Erth      37%        N/A       1%          2
 Searing Ray              Conj           56%        2d6       1%          2
 Gell's Gravitas          Tloc           36%        N/A       1%          3
 Ignite Poison            Fire/Tmut/Pois 33%        N/A       1%          3
 Portal Projectile        Hex/Tloc       64%        N/A       1%          3
 Spider Form              Tmut/Pois      45%        N/A       1%          3
 Teleport Other           Tloc           36%        N/A       1%          3
 Petrify                  Tmut/Erth      45%        N/A       1%          4
 Blade Hands              Tmut           34%        N/A       1%          5
 Kiss of Death            Conj/Necr      76%        2d11      2%          1
 Shock                    Conj/Air       76%        1d7       2%          1
 Confusing Touch          Hex            28%        N/A       2%          3
 Dazzling Flash           Conj/Hex       56%        N/A       2%          3
 Tukima's Dance           Hex            28%        N/A       2%          3
 Ensorcelled Hibernation  Hex/Ice        38%        N/A       4%          2
 Static Discharge         Conj/Air       38%        2-4/arc   4%          2
 Manifold Assault         Tloc           36%        N/A       4%          4
 Alistair's Intoxication  Tmut/Pois      30%        N/A       4%          5
 Vhi's Electric Charge    Tloc/Air       44%        N/A       5%          3
 Iskenderun's Mystic Bla  Conj/Tloc      32%        2d8       6%          4
 Necrotise                Necr           36%        1d5       8%          1
 Sandblast                Erth           18%        2d7       8%          1
 Summon Small Mammal      Summ           36%        N/A       8%          1
 Hailstorm                Conj/Ice       19%        3d6       8%          3
 Inner Flame              Hex/Fire       19%        N/A       8%          3
 Stone Arrow              Conj/Erth      38%        3d9       8%          3
 Summon Guardian Golem    Hex/Summ       19%        N/A       8%          3
 Kindle Blastsparks       Fire/Tloc/Air  36%        2d13      9%          3
 Cause Fear               Hex            14%        N/A       10%         4
 Fulminant Prism          Conj/Hex       14%        3d9       10%         4
 Call Imp                 Summ           9%         N/A       11%         2
 Poisonous Vapours        Pois/Air       18%        N/A       11%         2
 Scorch                   Fire           18%        2d5       11%         2
 Sublimation of Blood     Necr           9%         N/A       11%         2
 Call Canine Familiar     Summ           9%         N/A       22%         3
 Frozen Ramparts          Ice            18%        1d3       22%         3
 Ozocubu's Armour         Ice            9%         N/A       22%         3
 Swiftness                Air            9%         N/A       22%         3
 Vampiric Draining        Necr           9%         2d6       22%         3
 Flame Wave               Conj/Fire      19%        2d7       26%         4
 Sticky Flame             Conj/Fire      19%        2d4       26%         4
 Dispersal                Tloc           18%        N/A       54%         6
 Airstrike                Air            4%         2d(1-17)  58%         4
 Animate Armour           Summ/Erth      18%        N/A       58%         4
 Animate Dead             Necr           9%         N/A       58%         4
 Dispel Undead            Necr           9%         3d8       58%         4
 Olgreb's Toxic Radiance  Pois           9%         N/A       58%         4
 Summon Lightning Spire   Summ/Air       9%         N/A       58%         4
 Arcjolt                  Conj/Air       9%         1d19      58%         5
 Fireball                 Conj/Fire      9%         3d6       58%         5
 Lightning Bolt           Conj/Air       9%         1d22      58%         5
 Silence                  Hex/Air        9%         N/A       58%         5
 Summon Mana Viper        Hex/Summ       19%        N/A       58%         5
 Freezing Cloud           Conj/Ice/Air   7%         6-21      71%         5
 Agony                    Necr           9%         N/A       90%         5
 Borgnjor's Vile Clutch   Necr/Erth      4%         N/A       90%         5
 Lee's Rapid Deconstruct  Erth           4%         3d5*      90%         5
 Starburst                Conj/Fire      9%         6d5       99%         6
 Death Channel            Necr           4%         N/A       100%        6
 Simulacrum               Ice/Necr       4%         N/A       100%        6
 Summon Cactus Giant      Summ           4%         N/A       100%        6
 Haunt                    Necr/Summ      4%         N/A       100%        7
 Malign Gateway           Summ/Tloc      11%        N/A       100%        7
 Ozocubu's Refrigeration  Ice            4%         4d8       100%        7
 Summon Hydra             Summ           4%         N/A       100%        7
 Discord                  Hex            14%        N/A       100%        8
 Disjunction              Tloc           18%        N/A       100%        8
 Ignition                 Fire           4%         3d4       100%        8
 Infestation              Necr           4%         N/A       100%        8
 Lehudib's Crystal Spear  Conj/Erth      9%         10d4      100%        8
 Maxwell's Capacitive Co  Air            4%         ∞         100%        8
 Summon Horrible Things   Summ           4%         N/A       100%        8
 Dragon's Call            Summ           4%         N/A       100%        9


Dungeon Overview and Level Annotations

Branches:
Dungeon (15/15)            Temple (0/1) D:7            Lair (5/5) D:8
  Swamp (4/4) Lair:2        Snake (4/4) Lair:2        Slime (5/5) Lair:5
    Orc (2/2) D:11            Elf (3/3) Orc:2        Vaults (5/5) D:13
  Crypt (0/3) Vaults:2     Depths (4/4) D:15            Zot (0/5) Depths:4
  Sewer (visited)         Ossuary (visited)           IceCv (visited)
Gauntlet (visited)

Altars:
Ashenzari
Dithmenos
Elyvilon
Fedhas
Kikubaaqudgha
Makhleb
Nemelex Xobeh
Okawaru
Qazlal
Sif Muna
Trog
Uskayaw
Vehumet
Wu Jian
Xom
Yredelemnul
The Shining One
Jiyva

Shops:
Orc:1 [   Orc:2 !(!(   Elf:1 !((!(   Snake:1 :   Snake:2 (=?   Snake:3 ===[!
Depths:3 *

Portals:
Hell: Depths:1 Depths:2 Depths:3 Depths:4
Abyss: Depths:2 Depths:3
Pandemonium: Depths:2 Depths:3
Ziggurat: Depths:1

Annotations:
D:4 3 runed translucent doors, exclusion: 3 doors, browni3141's ghost, amateur KoHs
D:9 1 runed translucent door, Nabski's ghost, novice TeFE
Swamp:3 1 runed translucent door, exclusion: door, Ozxa's ghost, adept DjCA
Vaults:2 2 transporters, Kevimi's ghost, adept FeNe


Innate Abilities, Weirdness & Mutations

You are a fearsome dragon!
You have a powerful clawing attack.
Your giant scaled body is strong and resiliant, but less evasive.
You can breathe fire.
You are flying.
Your maximum health is greatly increased.
Your armour is entirely melded.
You are incapable of wielding weapons or throwing items.
((You have razor-sharp teeth.))
Your natural rate of healing is unusually fast.
When hurt, damage is shared between your health and your magic reserves.
((Your bite disrupts and absorbs the magic of your enemies.))
Potions cannot restore your health.
You are clumsy. (Dex -2)


Message History

The quicksilver ooze completely misses you.
A quicksilver ooze comes into view.
The azure jelly misses your butterfly.
The azure jelly closely misses your butterfly.
The azure jelly hits your butterfly.
Your butterfly dies!
Your butterfly disappears in a burst of colours!
The acid blob hits something!!!
You cannot read scrolls while unable to breathe!
Unknown command.
Unknown command.
You slip free of the ooze engulfing you.
You gasp with relief as air once again reaches your lungs.
Okay, then.
Unknown command.
Okay, then.
Unknown command.
Okay, then.
Okay, then.
The quicksilver ooze hits something.
The rockslime attacks as you move away! The rockslime hits you!!
* * * LOW HITPOINT WARNING * * *
Nemelex Xobeh deals you some cards!
You now have 8 escape cards, 26 destruction cards and 13 summoning cards.
Okay, then.
Unknown command.
As you read the scroll of teleportation, it crumbles to dust.
You feel strangely unstable.
You feel the power of the Abyss delaying your translocation!
The quicksilver ooze completely misses you. x2
The quicksilver ooze hits you!
* * * LOW HITPOINT WARNING * * *
The quicksilver ooze misses you.
You draw a card...
You have drawn Velocity.
The rockslime seems to slow down.
The acid blob seems to slow down.
The rockslime seems to slow down. x2
The azure jelly seems to slow down.
Your butterfly seems to speed up.
The azure jelly seems to slow down.
The quicksilver ooze hits you!!
You die...
Your body glows with a rainbow of weird colours and disappears.

##.#....##.#.#. ####
. . ..#b#....#. .#.
#.. ....b...... #..#
#....##..... .....
#.JJb..#.# #.###..
####JJb...##
#......###JJ∩.#.....#
....b..##J##...#.#.#
#DJJ.JJ#.b.### .
#.##J##..#...#
...#..#.#.b.#.# .....
#....b.#.## #.##.#
###....## #. .#
..#..##.# # ## .#. ##
. #.. #. .


You could see an acid blob (slow), 2 azure jellies, 3 rockslimes and 2
quicksilver oozes.

Vanquished Creatures
  Dissolution (Slime:4)
  the Royal Jelly (Abyss:2)
  2 dread liches (Vaults:5)
  A juggernaut (Depths:3)
  Frederick (Vaults:5)
  Margery (Vaults:5)
  A caustic shrike (D:13)
  Xtahua (Vaults:5)
  5 golden dragons
  A bone dragon (Abyss:2)
  11 tentacled monstrosities
  Asterion (Vaults:2)
  Zenata (Vaults:2)
  4 liches
  A walking earthen tome (Depths:3)
  5 deep elf blademasters (Elf:3)
  4 quicksilver dragons
  2 walking frostbound tomes (Depths:3)
  25 acid blobs
  5 deep elf master archers (Elf:3)
  An Executioner (Abyss:2)
  5 titans
  2 sphinxes
  A sphinx (shapeshifter) (Vaults:5)
  Agnes (Snake:2)
  5 tentacled starspawn (Abyss:2)
  A thorn hunter (Swamp:2)
  3 storm dragons
  10 tengu reavers
  10 rockslimes
  7 draconian monks (Depths:4)
  6 shadow dragons
  11 azure jellies
  A nagaraja (Snake:3)
  8 fire giants
  8 deep elf sorcerers
  13 vault wardens
  3 iron dragons (Vaults:5)
  10 frost giants
  A balrug (Abyss:2)
  Aizul (Snake:1)
  A draconian stormcaller (Depths:4)
  18 ironbound preservers
  3 ghouls (Swamp:3)
  2 deep elf elementalists
  An orc warlord (Vaults:4)
  A juggernaut skeleton (Abyss:2)
  A draconian annihilator (Depths:4)
  2 spriggan defenders (Depths:3)
  4 eleionomae
  28 very ugly things
  8 ironbound thunderhulks
  5 green draconians (Depths:4)
  9 stone giants
  2 war gargoyles (Vaults:4)
  5 deep elf demonologists
  9 quicksilver oozes
  3 vampire knights (Depths:3)
  17 dire elephants
  4 black draconians (Depths:4)
  4 white draconians (Depths:4)
  A spark wasp (Depths:3)
  9 bunyips
  5 deep elf annihilators (Elf:3)
  A minotaur (IceCv)
  3 red draconians (Depths:4)
  5 purple draconians (Depths:4)
  13 crystal guardians
  5 deep elf death magi
  4 deep elf high priests
  8 ettins
  16 fire dragons
  3 entropy weavers
  Josephine (Orc:1)
  14 great orbs of eyes
  2 jiangshi (Depths:3)
  7 yaktaur captains
  13 ice dragons
  3 salamander tyrants
  12 hydras
  A juggernaut simulacrum (Abyss:2)
  8 rakshasas
  The ghost of Gymmif the Carver, a journeyman DsGl of Qazlal (Lair:3)
  37 vault guards
  3 ghost crabs
  5 catoblepae (Lair:5)
  3 ogre magi
  4 spriggan air magi
  23 anacondas
  A two-headed ogre (shapeshifter) (Vaults:5)
  15 ironbound frosthearts
  3 peacekeepers
  22 dancing weapons
  6 deep troll shamans
  9 two-headed ogres
  4 boulder beetles
  13 naga warriors
  17 centaur warriors
  2 deep troll earth magi
  15 alligators
  7 tengu warriors
  12 death yaks
  7 naga sharpshooters
  3 vampire magi
  5 orc high priests (Orc:2)
  5 spriggan berserkers
  A titan zombie (Vaults:2)
  2 thrashing horrors (Abyss:2)
  10 hell knights
  10 shock serpents
  2 sun demons (Abyss:2)
  9 deep elf knights
  2 skysharks
  A fire crab (Vaults:4)
  A wretched star (Abyss:2)
  5 skeletal warriors (D:11)
  4 iron trolls
  5 salamander mystics
  2 goliath frogs
  5 sea snakes (Snake:3)
  3 spriggan druids
  6 swamp dragons
  3 flayed ghosts
  7 glowing orange brains
  6 bog bodies
  50 deep trolls
  An orange crystal statue (Depths:2)
  Pikel (D:6)
  5 harpies (Vaults:1)
  19 ironbound convokers
  9 lindwurms
  11 deep elf archers
  5 wizards
  10 orc knights
  4 necromancers
  3 phantasmal warriors
  38 ugly things
  7 naga ritualists
  19 deep elf pyromancers
  A faun (Depths:4)
  4 will-o-the-wisps
  16 deep elf zephyrmancers
  10 large abominations (Abyss:2)
  4 manticores
  14 mana vipers
  6 cyclopes
  3 orc sorcerers
  4 worldbinders (Abyss:2)
  20 salamanders
  4 shining eyes
  Joseph (D:7)
  A demonic crawler (Abyss:2)
  4 eyes of devastation
  9 naga magi
  2 apocalypse crabs (Abyss:2)
  8 elephants
  2 moths of wrath
  132 slime creatures
  An orange demon (Abyss:2)
  27 starcursed masses (Abyss:2)
  44 black mambas
  5 smoke demons (Abyss:2)
  A torpor snail (Depths:3)
  10 guardian serpents
  8 cane toads
  2 kobold demonologists
  21 vault sentinels
  2 komodo dragons (shapeshifter)
  An unseen horror (shapeshifter) (Elf:3)
  An efreet (D:13)
  4 unseen horrors
  7 rime drakes
  4 freezing wraiths (Swamp:4)
  10 komodo dragons
  5 tengu conjurers
  48 yaktaurs
  A tormentor (Abyss:2)
  5 ancient zymes (Abyss:2)
  6 tyrant leeches
  3 polar bears
  A queen bee (Vaults:4)
  12 hornets
  6 trolls
  A tarantella (shapeshifter) (IceCv)
  A hornet (shapeshifter) (Depths:3)
  9 raiju (Abyss:2)
  3 dream sheep (Lair:5)
  5 blink frogs
  A snapping turtle (Elf:3)
  2 jumping spiders
  A jumping spider (shapeshifter) (Depths:3)
  8 flying skulls (Gauntlet)
  4 air elementals
  2 vampires
  A centaur simulacrum (D:14)
  3 shadows
  5 ynoxinuls (Abyss:2)
  4 water elementals
  2 culicivoras
  A spriggan (shapeshifter) (Elf:2)
  6 wraiths
  57 yaks
  15 spriggans
  2 chaos spawn (Abyss:2)
  2 fire elementals
  A basilisk (Snake:2)
  A wyvern (D:7)
  A redback (shapeshifter) (Vaults:5)
  3 neqoxecs (Abyss:2)
  4 swamp worm simulacra (Swamp:4)
  13 golden eyes
  3 steam dragons
  A redback (Vaults:4)
  2 vampire mosquitoes (D:14)
  2 elf skeletons (Vaults:2)
  3 wargs
  32 nagas
  16 swamp worms
  15 hydra simulacra (Swamp:4)
  3 acid dragons (D:8)
  8 water moccasins
  A floating eye (Depths:3)
  5 swamp drakes
  29 orc warriors
  6 sky beasts
  5 small abominations (Abyss:2)
  A tengu (D:7)
  2 black bears (Vaults:5)
  32 wolves
  5 boggarts (D:15)
  13 centaurs
  8 ogres
  A lemure (D:6)
  2 phantoms
  9 kobold brigands
  5 elf zombies (Ossuary)
  5 necrophages
  10 bullfrogs
  A gnoll sergeant (D:4)
  10 scorpions
  An earth elemental (Elf:3)
  13 wights
  15 killer bees
  5 howler monkeys
  2 electric eels (Snake:3)
  A crimson imp (Abyss:2)
  5 human zombies (Ossuary)
  37 orc priests
  7 hounds
  2 jellies
  A centaur zombie (Ossuary)
  2 gnoll boudas
  2 iron imps (Abyss:2)
  10 iguanas
  13 orc wizards
  6 hell rats (Lair:5)
  2 mummies (Ossuary)
  12 gnolls
  10 adders
  A river rat (Sewer)
  2 shadow imps
  10 white imps
  5 ufetubi
  4 swamp drake simulacra (Swamp:4)
  2 worms
  4 dart slugs
  73 orcs
  13 ball pythons
  3 endoplasms
  9 giant cockroaches
  3 hobgoblins
  3 jackals (Sewer)
  4 quokkas
  A bat (D:3)
  6 frilled lizards
  6 goblins
  19 kobolds
  9 rats
  6 starspawn tentacles (Abyss:2)
2133 creatures vanquished.

Vanquished Creatures (collateral kills)
  A golden dragon (Depths:4)
  Rupert (D:13)
  A quicksilver dragon (Depths:4)
  Frances (D:13)
  A tengu reaver (Vaults:5)
  Kirke (D:13)
  3 vault wardens
  An ironbound preserver (Vaults:5)
  An orc warlord (Orc:1)
  A red draconian (Depths:4)
  A minotaur (Gauntlet)
  An ettin (Orc:1)
  4 vault guards
  2 hydras (Lair:5)
  A yaktaur captain (Vaults:1)
  2 boulder beetles (Lair:5)
  An anaconda (Snake:3)
  2 ogre magi
  2 centaur warriors
  2 two-headed ogres (Orc:1)
  A naga warrior (Snake:3)
  A tengu warrior (Depths:1)
  4 death yaks
  A shock serpent (Snake:3)
  An orc high priest (Orc:1)
  A dancing weapon (Elf:2)
  A goliath frog (Swamp:1)
  A sea snake (Snake:3)
  A skeletal warrior (D:8)
  A deep troll (Vaults:1)
  An ironbound convoker (Vaults:4)
  3 orc knights
  A shining eye (Depths:1)
  2 salamanders (Snake:3)
  A black mamba (Lair:1)
  An eye of devastation (Depths:1)
  A vault sentinel (Vaults:1)
  An ice statue (IceCv)
  2 cane toads
  A torpor snail (Lair:1)
  5 yaktaurs
  2 rime drakes (IceCv)
  A tengu conjurer (D:14)
  3 trolls (Orc:1)
  A polar bear (IceCv)
  3 dream sheep (Lair:5)
  3 blink frogs (Lair:3)
  A slime creature (Gauntlet)
  10 yaks
  A hog (D:13)
  3 nagas
  3 wargs (Orc:1)
  2 floating eyes (Depths:1)
  4 orc warriors
  2 water moccasins (Lair:2)
  2 sky beasts (D:13)
  2 ogres (Orc:1)
  2 wolves
  A bullfrog (Lair:1)
  A centaur zombie (Ossuary)
  7 orc priests
  3 jellies
  A mummy (Ossuary)
  7 white imps (Lair:3)
  17 orcs
144 creatures vanquished.

Vanquished Creatures (others)
  A shadow dragon (Depths:3)
  An eleionoma (Swamp:2)
  A bunyip (Swamp:2)
  A deep elf death mage (Vaults:5)
  A ghost crab (Swamp:2)
  A deep elf pyromancer (Elf:3)
  A tyrant leech (Swamp:4)
  5 bloated husks
  A human (D:13)
  A floating eye (Elf:3)
  A bullfrog (Snake:2)
  2 small abominations (Abyss:2)
  10 foxfires
  53 fungi
  A lurking horror (Abyss:2)
  98 plants
  7 starspawn tentacles (Abyss:2)
  3 toadstools (D:8)
189 creatures vanquished.

Grand Total: 2466 creatures vanquished

Notes
Turn   | Place    | Note
-------+----------+-------------------------------------------
     0 | D:1      | AzureAlchemist the Vine Stalker Fighter began the quest for
                  | the Orb.
     0 | D:1      | Reached XP level 1. HP: 11/11 MP: 2/2
   239 | D:1      | Reached XP level 2. HP: 16/16 MP: 3/3
   445 | D:1      | Reached skill level 3 in Unarmed Combat
  1040 | D:2      | Reached XP level 3. HP: 14/19 MP: 2/4
  1080 | D:2      | Found a stormy altar of Qazlal.
  1435 | D:3      | Found a burning altar of Makhleb.
  1436 | D:3      | Found a shimmering blue altar of Sif Muna.
  1458 | D:3      | Found a sparkling altar of Nemelex Xobeh.
  1468 | D:3      | Became a worshipper of Nemelex Xobeh the Trickster
  1646 | D:3      | Found a glowing drain.
  1666 | D:3      | Reached skill level 1 in Invocations
  1666 | D:3      | Gained mutation: Your natural rate of healing is unusually
                  | fast. [Vine Stalker growth]
  1666 | D:3      | Reached XP level 4. HP: 23/23 MP: 5/5
  1676 | Sewer    | Entered a sewer
  1687 | Sewer    | Reached skill level 4 in Unarmed Combat
  1845 | Sewer    | Noticed a kobold brigand
  1858 | Sewer    | Killed a kobold brigand
  1859 | Sewer    | Reached XP level 5. HP: 26/27 MP: 7/7
  1958 | Sewer    | Noticed a kobold brigand
  1976 | Sewer    | Killed a kobold brigand
  1977 | Sewer    | Reached skill level 5 in Unarmed Combat
  1977 | Sewer    | Reached XP level 6. HP: 30/32 MP: 9/9
  2715 | D:3      | Found a broken altar of Ashenzari.
  2934 | D:3      | Reached * piety under Nemelex Xobeh
  3012 | D:3      | Reached XP level 7. HP: 35/35 MP: 11/11
  3418 | D:4      | Received a gift from Nemelex Xobeh
  3495 | D:4      | Found a runed translucent gate.
  3497 | D:4      | Found a runed translucent gate.
  3497 | D:4      | Noticed browni3141's ghost (amateur KoHs)
  3498 | D:4      | Found a runed translucent gate.
  3499 | D:4      | Identified the +2 mace of Honour {flame, rN+}
  3517 | D:4      | Reached skill level 6 in Unarmed Combat
  3730 | D:4      | Found a sand-covered staircase.
  3735 | Ossuary  | Entered an ossuary
  3800 | Ossuary  | Reached skill level 5 in Invocations
  3814 | Ossuary  | Reached skill level 7 in Unarmed Combat
  3814 | Ossuary  | Gained mutation: You have razor-sharp teeth. [Vine Stalker
                  | growth]
  3814 | Ossuary  | Reached XP level 8. HP: 38/39 MP: 10/13
  3878 | Ossuary  | Reached skill level 1 in Dodging
  4275 | D:4      | Found a white marble altar of Elyvilon.
  4431 | D:5      | Entered Level 5 of the Dungeon
  4431 | D:5      | Reached ** piety under Nemelex Xobeh
  4471 | D:5      | Received a gift from Nemelex Xobeh
  4628 | D:5      | Reached XP level 9. HP: 45/45 MP: 15/15
  4855 | D:5      | Reached skill level 5 in Fighting
  5427 | D:6      | Noticed Pikel
  5553 | D:6      | Killed Pikel
  5554 | D:6      | Reached skill level 5 in Dodging
  5558 | D:6      | Reached XP level 10. HP: 47/53 MP: 16/16
  5669 | D:6      | Received a gift from Nemelex Xobeh
  6012 | D:6      | Found a radiant altar of Vehumet.
  6012 | D:6      | Found a basalt altar of Yredelemnul.
  6012 | D:6      | Found a hide-covered altar of Uskayaw.
  6112 | D:6      | Found an ornate altar of the Wu Jian Council.
  6168 | D:6      | Received a gift from Nemelex Xobeh
  6320 | D:7      | Noticed Joseph
  6323 | D:7      | Killed Joseph
  6343 | D:7      | Reached *** piety under Nemelex Xobeh
  6581 | D:7      | Found a staircase to the Ecumenical Temple.
  6834 | D:7      | Noticed a cyclops
  6843 | D:7      | Killed a cyclops
  6852 | D:7      | Found a shadowy altar of Dithmenos.
  7248 | D:8      | Identified the +2 chain mail "Taptuple" {rC+ Will+}
  7294 | D:8      | Received a gift from Nemelex Xobeh
  7411 | D:8      | Reached skill level 5 in Armour
  7567 | D:8      | Received a gift from Nemelex Xobeh
  7750 | D:8      | Noticed a two-headed ogre
  7754 | D:8      | Killed a two-headed ogre
  7755 | D:8      | Reached XP level 11. HP: 55/58 MP: 17/17
  7760 | D:8      | Noticed a boulder beetle
  7761 | D:8      | Noticed a centaur warrior
  7763 | D:8      | Killed a centaur warrior
  7764 | D:8      | Killed a boulder beetle
  7767 | D:8      | Noticed a centaur warrior
  7770 | D:8      | Killed a centaur warrior
  7772 | D:8      | Noticed a skeletal warrior
  7792 | D:8      | Found a staircase to the Lair.
  7809 | D:8      | Killed a skeletal warrior
  7993 | D:8      | Noticed a deep elf pyromancer
  7995 | D:8      | a deep elf pyromancer changed into a jumping spider
  8087 | Lair:1   | Entered Level 1 of the Lair of Beasts
  8164 | Lair:1   | Reached skill level 8 in Unarmed Combat
  8177 | Lair:1   | Noticed a four-headed hydra
  8209 | Lair:1   | Killed a four-headed hydra
  8287 | Lair:1   | Reached skill level 9 in Unarmed Combat
  8374 | Lair:1   | Reached **** piety under Nemelex Xobeh
  9067 | Lair:1   | Noticed a death yak
  9077 | Lair:1   | Killed a death yak
  9078 | Lair:1   | Reached XP level 12. HP: 65/65 MP: 19/19
  9208 | Lair:2   | Received a gift from Nemelex Xobeh
  9210 | Lair:2   | Found a staircase to the Swamp.
  9481 | Lair:2   | Received a gift from Nemelex Xobeh
  9498 | Lair:2   | Noticed a seven-headed hydra
  9506 | Lair:2   | Killed a seven-headed hydra
  9659 | Lair:2   | Found a staircase to the Snake Pit.
  9746 | Lair:2   | Got the Tome of Hexes
  9850 | Lair:2   | Reached ***** piety under Nemelex Xobeh
 10579 | Lair:3   | Found a gate leading to a gauntlet.
 10588 | Gauntlet | Entered a Gauntlet
 10588 | Gauntlet | Found a runed translucent door.
 10588 | Gauntlet | Found a transporter.
 10588 | Gauntlet | Found a runed translucent door.
 10591 | Gauntlet | Found a transporter.
 10593 | Gauntlet | Found a transporter.
 10605 | Gauntlet | Found a transporter.
 10607 | Gauntlet | Found a transporter.
 10609 | Gauntlet | Noticed a thrashing horror
 10617 | Gauntlet | Found a transporter.
 10629 | Gauntlet | Received a gift from Nemelex Xobeh
 10630 | Gauntlet | Found a transporter.
 10643 | Gauntlet | Found a transporter.
 10653 | Gauntlet | Found a transporter.
 10667 | Gauntlet | Found a transporter.
 10678 | Gauntlet | Found a transporter.
 10681 | Gauntlet | Found a transporter.
 10788 | Gauntlet | Found a transporter.
 10851 | Gauntlet | Reached skill level 10 in Invocations
 10865 | Gauntlet | Identified the +0 pair of gloves of Rinublis {-Tele Will+
                  | Dex+3}
 10880 | Gauntlet | Identified the +10 great mace "Naj Ylea" {freeze, Str+4
                  | Int+2}
 10880 | Gauntlet | Noticed a minotaur
 10894 | Gauntlet | Killed a minotaur
 10981 | Lair:3   | Identified the +0 scale mail of the Dropbear {rN++}
 10993 | Lair:3   | Found a frozen archway.
 11027 | IceCv    | Entered an ice cave
 11045 | IceCv    | Reached XP level 13. HP: 34/70 MP: 13/22
 11129 | IceCv    | Reached skill level 10 in Unarmed Combat
 11273 | IceCv    | Reached skill level 11 in Unarmed Combat
 11308 | IceCv    | Noticed a frost giant
 11309 | IceCv    | a death yak changed into a minotaur
 11309 | IceCv    | Noticed a minotaur
 11309 | IceCv    | a frost giant changed into an iron troll
 11319 | IceCv    | Killed a minotaur
 11349 | IceCv    | Reached skill level 10 in Fighting
 11923 | Lair:3   | Received a gift from Nemelex Xobeh
 11974 | Lair:3   | Found a runed translucent door.
 11978 | Lair:3   | Noticed Gymmif's ghost (journeyman DsGl)
 12069 | Lair:3   | You fall into a shaft and drop 1 floor!
 12168 | Lair:4   | Received a gift from Nemelex Xobeh
 12302 | Lair:4   | Reached skill level 10 in Dodging
 12706 | Lair:4   | Reached XP level 14. HP: 77/79 MP: 23/23
 13051 | Lair:5   | Entered Level 5 of the Lair of Beasts
 13118 | Lair:5   | Found a staircase to the Slime Pits.
 13118 | Lair:5   | Found a viscous altar of Jiyva.
 13161 | Lair:5   | Received a gift from Nemelex Xobeh
 13526 | Lair:5   | Identified the +1 trident of Untimely Demise {spect, Will+}
 13676 | Lair:5   | Identified the +10 falchion of Oqiod {freeze, rPois Dex+5}
 15049 | Lair:3   | Killed Gymmif's ghost
 15050 | Lair:3   | Reached XP level 15. HP: 60/82 MP: 27/27
 15284 | D:9      | Received a gift from Nemelex Xobeh
 15329 | D:9      | Reached ****** piety under Nemelex Xobeh
 15370 | D:9      | Reached skill level 15 in Invocations
 15464 | D:9      | Found a stormy altar of Qazlal.
 15544 | D:9      | Found a shimmering altar of Xom.
 15638 | D:9      | Found a runed translucent door.
 15639 | D:9      | Found a shimmering altar of Xom.
 15639 | D:9      | Noticed Nabski's ghost (novice TeFE)
 15781 | D:9      | Found an iron altar of Okawaru.
 15931 | D:10     | Entered Level 10 of the Dungeon
 15950 | D:10     | Found a blossoming altar of Fedhas.
 16095 | D:10     | Received a gift from Nemelex Xobeh
 16161 | D:10     | Found a bloodstained altar of Trog.
 16213 | D:10     | Found a glowing golden altar of the Shining One.
 16577 | D:10     | Received a gift from Nemelex Xobeh
 16655 | D:11     | Found a staircase to the Orcish Mines.
 17412 | Orc:1    | Entered Level 1 of the Orcish Mines
 17420 | Orc:1    | Reached skill level 5 in Shields
 17527 | Orc:1    | Noticed Josephine
 17539 | Orc:1    | Killed Josephine
 17691 | Orc:1    | Received a gift from Nemelex Xobeh
 17853 | Orc:1    | Noticed an orc warlord
 17930 | Orc:1    | Killed an orc warlord
 18168 | Orc:1    | Received a gift from Nemelex Xobeh
 18319 | Orc:2    | Entered Level 2 of the Orcish Mines
 18519 | Orc:2    | Found a staircase to the Elven Halls.
 18523 | Orc:2    | Received a gift from Nemelex Xobeh
 19251 | Orc:2    | Found Uthru's Distillery.
 19252 | Orc:2    | Found Odimos's Antique Weapon Emporium.
 19252 | Orc:2    | Found Paluank's Distillery.
 19253 | Orc:2    | Found Piolukh's Weapon Shoppe.
 19317 | Orc:1    | Found Buxy's Antique Armour Boutique.
 19321 | Orc:1    | Received a gift from Nemelex Xobeh
 19324 | Orc:1    | Bought a pair of runed boots for 195 gold pieces
 19514 | Orc:1    | Learned a level 2 spell: Wereblood
 19517 | Orc:1    | Learned a level 2 spell: Blink
 19525 | Orc:1    | Learned a level 7 spell: Dragon Form
 19773 | D:12     | Reached skill level 1 in Spellcasting
 19773 | D:12     | Reached skill level 1 in Translocations
 19939 | D:12     | Received a gift from Nemelex Xobeh
 20132 | D:13     | Received a gift from Nemelex Xobeh
 20159 | D:13     | Reached XP level 16. HP: 87/87 MP: 28/28
 20262 | D:13     | Noticed Frances
 20270 | D:13     | Killed Frances
 20465 | D:13     | Reached skill level 10 in Shields
 20504 | D:13     | Found a gate to the Vaults.
 20851 | D:13     | Noticed Kirke
 20858 | D:13     | Noticed Rupert
 20863 | D:13     | Killed Kirke
 20873 | D:13     | Killed Rupert
 20919 | D:13     | Paralysed by an air elemental for 1 turns
 21150 | Snake:1  | Entered Level 1 of the Snake Pit
 21341 | Snake:1  | Received a gift from Nemelex Xobeh
 21439 | Snake:1  | You fall into a shaft and drop 1 floor!
 21483 | Snake:2  | Found Inaoggosh's Weapon Emporium.
 21486 | Snake:2  | Found Xoco's Jewellery Shoppe.
 21488 | Snake:2  | Found Fighakh's Magic Scroll Emporium.
 21549 | Snake:2  | Reached skill level 5 in Spellcasting
 21549 | Snake:2  | Reached skill level 5 in Translocations
 21928 | Snake:1  | Noticed Aizul
 21942 | Snake:1  | Killed Aizul
 21969 | Snake:1  | Found Isoir's Self-Improvement Boutique.
 22237 | Snake:2  | Noticed Agnes
 22240 | Snake:2  | Killed Agnes
 22258 | Snake:2  | Received a gift from Nemelex Xobeh
 22548 | Snake:2  | Reached skill level 12 in Unarmed Combat
 23485 | Snake:2  | Reached skill level 13 in Unarmed Combat
 23758 | Snake:3  | Found Othrunout's One-of-a-Kind Rings.
 23877 | Snake:3  | Reached XP level 17. HP: 87/91 MP: 29/29
 23923 | Snake:3  | Reached skill level 14 in Unarmed Combat
 23974 | Snake:3  | Received a gift from Nemelex Xobeh
 24067 | Snake:3  | Found Dethaom's Jewellery Boutique.
 24382 | Snake:3  | Identified the +1 long sword "Sih Wotoadgh" {venom, rN+
                  | Int+3 Stlth+}
 24412 | Snake:3  | Identified the +1 trident of Pestilence {freeze, rElec rF+}
 24416 | Snake:3  | Reached skill level 15 in Unarmed Combat
 24703 | Snake:3  | Found Fepuinyocs's Distillery.
 24703 | Snake:3  | Found Iruxa's Armour Shop.
 24719 | Snake:3  | Bought a +0 cloak of willpower for 172 gold pieces
 24735 | Snake:3  | Found Boiloige's Jewellery Boutique.
 25037 | Snake:4  | Entered Level 4 of the Snake Pit
 25061 | Snake:4  | Received a gift from Nemelex Xobeh
 25792 | Snake:4  | Got An Early Guide to Wizardry
 25969 | Snake:4  | Received a gift from Nemelex Xobeh
 26232 | Snake:4  | Identified the +1 scale mail of the Heron {Str+3}
 26499 | Snake:4  | Reached XP level 18. HP: 75/96 MP: 30/30
 27329 | Snake:4  | Got a serpentine rune of Zot
 27535 | Swamp:1  | Entered Level 1 of the Swamp
 27535 | Swamp:1  | Received a gift from Nemelex Xobeh
 27546 | Swamp:1  | Reached XP level 19. HP: 100/100 MP: 31/31
 27665 | Lair:2   | Reached skill level 15 in Dodging
 28820 | Swamp:2  | Received a gift from Nemelex Xobeh
 29035 | Swamp:3  | Found a runed translucent door.
 29036 | Swamp:3  | Found a shimmering altar of Xom.
 29036 | Swamp:3  | Noticed Ozxa's ghost (adept DjCA)
 29453 | Swamp:3  | Received a gift from Nemelex Xobeh
 29662 | Swamp:4  | Entered Level 4 of the Swamp
 30648 | Swamp:4  | Reached XP level 20. HP: 80/112 MP: 25/32
 30987 | Swamp:4  | Reached skill level 15 in Fighting
 31008 | Swamp:4  | Reached skill level 1 in Transmutations
 31049 | Swamp:4  | Got a decaying rune of Zot
 31458 | D:14     | Received a gift from Nemelex Xobeh
 31855 | D:15     | Entered Level 15 of the Dungeon
 31968 | D:15     | Found a staircase to the Depths.
 32077 | D:15     | Reached skill level 5 in Transmutations
 32158 | D:15     | Received a gift from Nemelex Xobeh
 32691 | Vaults:1 | Entered Level 1 of the Vaults
 32734 | Vaults:1 | an ironbound thunderhulk changed into a caustic shrike
 32734 | Vaults:1 | Noticed a caustic shrike
 32811 | D:13     | Killed a caustic shrike
 33598 | Vaults:1 | Received a gift from Nemelex Xobeh
 33831 | Vaults:1 | Reached skill level 10 in Transmutations
 34463 | Vaults:1 | Reached XP level 21. HP: 66/117 MP: 29/33
 34805 | Vaults:1 | Received a gift from Nemelex Xobeh
 35541 | Snake:1  | Bought a manual of Armour for 880 gold pieces
 35622 | Snake:3  | Bought the ring of Xubeu {rPois rC- Str+6 Int+8 Stlth-} for
                  | 778 gold pieces
 36194 | Elf:1    | Entered Level 1 of the Elven Halls
 36292 | Elf:1    | Found Inirior's Antique Weapon Emporium.
 36319 | Elf:1    | Found Kiheeraucw's Distillery.
 36319 | Elf:1    | Found Laafy's Weapon Shoppe.
 36468 | Elf:1    | Got the Atlas of Calling
 36503 | Elf:1    | Received a gift from Nemelex Xobeh
 36674 | Elf:1    | Identified the +2 sling "Hakhi" {heavy, rPois}
 36680 | Elf:1    | Paralysed by an air elemental for 1 turns
 36712 | Elf:1    | Found Osaemn's Antique Weapon Shoppe.
 36742 | Elf:1    | Found Kobiq's Distillery.
 36814 | Elf:1    | Received a gift from Nemelex Xobeh
 37102 | Elf:2    | Identified the ring of the Sturgeon {rCorr Str+5 Int+6
                  | Dex+4}
 37589 | Elf:2    | Received a gift from Nemelex Xobeh
 37594 | Elf:2    | Found a runed translucent gate.
 37594 | Elf:2    | Found a runed translucent gate.
 37594 | Elf:2    | Found a runed translucent gate.
 38160 | Elf:2    | Reached skill level 10 in Armour
 38741 | Elf:3    | Entered Level 3 of the Elven Halls
 38753 | Elf:3    | Identified the +1 battleaxe of the Establishment {drain,
                  | rN+ Int+2 Dex+2}
 38948 | Elf:3    | Received a gift from Nemelex Xobeh
 38975 | Elf:3    | Paralysed by an air elemental for 1 turns
 39155 | Elf:3    | Paralysed by a floating eye for 3 turns
 39271 | Elf:3    | Paralysed by an air elemental for 1 turns
 39643 | Elf:3    | Reached skill level 15 in Transmutations
 40081 | Elf:3    | Reached XP level 22. HP: 122/122 MP: 34/34
 40274 | Elf:3    | Identified the amulet "Emopreid" {RegenMP Dex+2}
 40374 | Elf:3    | Identified the +0 chain mail "Uligh" {Regen+ rCorr Str-3
                  | Int+5} (You took it off a deep elf master archer on level 3
                  | of the Elven Halls)
 40438 | Elf:3    | Received a gift from Nemelex Xobeh
 40504 | Elf:3    | Got the Catalogue of the Coals and Frostbite
 40508 | Elf:3    | Got the Omnibus of Prime Haze
 40537 | Elf:3    | Identified the +8 great mace of Destiny {flame, rC+ Dex+2
                  | SInv}
 40549 | Elf:3    | Identified the +10 long sword of the Apocalypse {spect,
                  | +Blink rCorr Int+2}
 40571 | Elf:3    | Identified the +0 scale mail of Greed {Will+ Dex-2 Slay+3}
 41063 | Slime:1  | Entered Level 1 of the Pits of Slime
 41132 | Slime:1  | Learned a level 5 spell: Irradiate
 41138 | Slime:1  | Learned a level 5 spell: Yara's Violent Unravelling
 41212 | Slime:1  | Received a gift from Nemelex Xobeh
 42124 | Vaults:2 | Identified the +5 flail of Ruination {flame, +Blink rC++}
 42142 | Vaults:2 | Received a gift from Nemelex Xobeh
 42189 | Vaults:2 | Noticed Zenata
 42197 | Vaults:2 | Noticed Asterion
 42200 | Vaults:2 | Killed Asterion
 42200 | Vaults:2 | Killed Zenata
 42249 | Vaults:2 | Found a staircase to the Crypt.
 42249 | Vaults:2 | Found an ancient bone altar of Kikubaaqudgha.
 42250 | Vaults:2 | Found a basalt altar of Yredelemnul.
 42267 | Vaults:2 | You fall into a shaft and drop 2 floors!
 42814 | Vaults:3 | Identified the ring of the Burgomaster {Fly Dex+5}
 42819 | Vaults:3 | Received a gift from Nemelex Xobeh
 43000 | Vaults:3 | Received a gift from Nemelex Xobeh
 43090 | Vaults:3 | Identified the +6 mace "Embalmer" {freeze, Will++ rCorr
                  | Dex+3 Stlth-}
 43171 | Vaults:3 | Identified the +1 storm dragon scales of Ignis, Jumping
                  | {rElec Will+ Int+2}
 43646 | Vaults:2 | Gained mutation: You are clumsy. (Dex -2) [mutagenic glow]
 43748 | Vaults:2 | Reached skill level 10 in Spellcasting
 43782 | Vaults:2 | Reached skill level 1 in Conjurations
 43785 | Vaults:2 | Reached XP level 23. HP: 124/126 MP: 32/38
 43856 | Vaults:2 | Found a transporter.
 43859 | Vaults:2 | Found a bloodstained altar of Trog.
 43866 | Vaults:2 | Found a transporter.
 43871 | Vaults:2 | Noticed Kevimi's ghost (adept FeNe)
 44318 | Vaults:3 | Received a gift from Nemelex Xobeh
 44458 | Vaults:4 | Reached skill level 1 in Hexes
 44753 | Vaults:4 | Reached skill level 5 in Conjurations
 44833 | Vaults:4 | Received a gift from Nemelex Xobeh
 44884 | Vaults:4 | Reached skill level 5 in Hexes
 45149 | Vaults:4 | Received a gift from Nemelex Xobeh
 45667 | Vaults:4 | Identified the +17 plate armour "Vixkun Ummo" {Int+5}
 45969 | Depths:1 | Entered Level 1 of the Depths
 46129 | Depths:1 | Received a gift from Nemelex Xobeh
 46251 | Depths:1 | Found a one-way gateway to a ziggurat.
 46254 | Depths:1 | Paralysed by a floating eye for 2 turns
 46259 | Depths:1 | Paralysed by a floating eye for 2 turns
 46265 | Depths:1 | Paralysed by a floating eye for 2 turns
 46273 | Depths:1 | Paralysed by a floating eye for 2 turns
 46760 | Depths:1 | Found a gateway to Hell.
 46888 | Depths:1 | Received a gift from Nemelex Xobeh
 47684 | Depths:2 | Found a one-way gate to the infinite horrors of the Abyss.
 47684 | Depths:2 | Noticed Louise
 47690 | Depths:2 | Louise changed into Louise the ice dragon
 47690 | Depths:2 | Noticed Louise
 47696 | Depths:2 | Killed Louise the ice dragon
 47968 | Depths:2 | Received a gift from Nemelex Xobeh
 48072 | Depths:2 | Found a shimmering blue altar of Sif Muna.
 48389 | Depths:2 | Found a one-way gate leading to the halls of Pandemonium.
 48704 | Depths:3 | Found Yjugeot's General Store.
 48779 | Depths:3 | Learned a level 2 spell: Wereblood
 48827 | Depths:3 | Noticed a golden dragon
 48831 | Depths:3 | Killed a golden dragon
 48835 | Depths:3 | Noticed a juggernaut
 48839 | Depths:3 | Reached skill level 16 in Unarmed Combat
 48839 | Depths:3 | Reached XP level 24. HP: 131/131 MP: 37/38
 48843 | Depths:3 | Killed a juggernaut
 49012 | Depths:3 | Reached skill level 17 in Unarmed Combat
 49043 | Depths:3 | Paralysed by a floating eye for 3 turns
 49067 | Depths:3 | HP: 3/196 [spriggan rider/+0 spear (14)]
 49525 | Depths:3 | Learned a level 4 spell: Ice Form
 49566 | Depths:3 | Reached skill level 18 in Unarmed Combat
 49617 | Depths:3 | Learned a level 4 spell: Manifold Assault
 49748 | Depths:3 | Identified the +4 lajatang "Worm's Wrath" {freeze, rN+}
 49761 | Depths:3 | Received a gift from Nemelex Xobeh
 50418 | Depths:3 | Identified the +2 leather armour "Puikhu" {Harm Dex+6 SInv}
 50623 | Depths:4 | Entered Level 4 of the Depths
 50635 | Depths:4 | Reached skill level 1 in Ranged Weapons
 51048 | Depths:4 | Reached skill level 19 in Unarmed Combat
 51135 | Depths:4 | Received a gift from Nemelex Xobeh
 51381 | Depths:4 | Reached skill level 5 in Ranged Weapons
 51822 | Depths:4 | Reached XP level 25. HP: 110/135 MP: 34/38
 51845 | Depths:4 | Identified the +12 battleaxe of the Warrior {drain, rPois
                  | Str+2 Dex+2}
 52061 | Depths:4 | Identified the -1 long sword of Owevuewy {venom, Will+}
 52444 | Depths:4 | Found a broken altar of Ashenzari.
 52654 | Depths:4 | Reached skill level 20 in Unarmed Combat
 52694 | Depths:4 | Found a gate to the Realm of Zot.
 52715 | Depths:4 | Reached skill level 10 in Ranged Weapons
 53980 | Vaults:5 | Entered Level 5 of the Vaults
 53983 | Vaults:5 | Noticed Frederick
 54572 | Vaults:5 | Noticed Xtahua
 54584 | Vaults:5 | Killed Xtahua
 54749 | Vaults:5 | Received a gift from Nemelex Xobeh
 54772 | Vaults:5 | Noticed a dread lich
 54784 | Vaults:5 | Killed a dread lich
 54967 | Vaults:5 | Noticed Margery
 54970 | Vaults:5 | Killed Margery
 55116 | Vaults:5 | Reached skill level 21 in Unarmed Combat
 55119 | Vaults:5 | Identified the +2 dagger "Woseatyl" {flame, rN+ Dex+5}
 55129 | Vaults:5 | Killed Frederick
 55135 | Vaults:5 | Noticed a dread lich
 55145 | Vaults:5 | Reached XP level 26. HP: 80/142 MP: 30/38
 55151 | Vaults:5 | Killed a dread lich
 55153 | Vaults:5 | HP: 9/213 [vault guard simulacrum (29)]
 55332 | Vaults:5 | Identified the +1 sling of Wu Jian's Favour {flame, rF+}
 55536 | Vaults:5 | Identified a scroll of acquirement
 55547 | Vaults:5 | Reached skill level 22 in Unarmed Combat
 55551 | Vaults:5 | Acquired a ring of wizardry
 55860 | Vaults:5 | Received a gift from Nemelex Xobeh
 55869 | Vaults:5 | Got a silver rune of Zot
 55887 | Vaults:5 | Identified the +1 quarterstaff of Meager Courage {spect,
                  | Will+ MP+9}
 56813 | Slime:2  | You fall into a shaft and drop 2 floors!
 56876 | Slime:4  | Received a gift from Nemelex Xobeh
 57488 | Slime:2  | Received a gift from Nemelex Xobeh
 58088 | Slime:3  | Reached skill level 23 in Unarmed Combat
 58162 | Slime:5  | Entered Level 5 of the Pits of Slime
 58169 | Slime:5  | Noticed Dissolution
 58228 | Slime:4  | Killed Dissolution
 58874 | Slime:5  | Reached skill level 24 in Unarmed Combat
 58919 | Slime:5  | Received a gift from Nemelex Xobeh
 58969 | Slime:5  | Found a viscous altar of Jiyva.
 59001 | Slime:5  | Noticed the Royal Jelly
 59115 | Slime:5  | Banished the Royal Jelly
 60611 | Depths:2 | Voluntarily entered the Abyss.
 60644 | Abyss:1  | Received a gift from Nemelex Xobeh
 61175 | Abyss:2  | Received a gift from Nemelex Xobeh
 61331 | Abyss:2  | Reached XP level 27. HP: 147/147 MP: 38/38
 61490 | Abyss:2  | Reached skill level 25 in Unarmed Combat
 61529 | Depths:2 | Escaped the Abyss
 61601 | Depths:2 | Voluntarily entered the Abyss.
 62136 | Abyss:2  | Killed the Royal Jelly
 62147 | Abyss:2  | Received a gift from Nemelex Xobeh
 62148 | Abyss:2  | HP: 8/220 [quicksilver ooze[the Royal Jelly] (11)]
 62149 | Abyss:2  | Mangled by a quicksilver ooze

Illustrated notes

Levels and vault maps discovered:
D:1:      dpeg_arrival_three_same_balls, layout_loops_ring,
          hangedman_decor_riveting
D:2:      layout_basic, basic_altar
D:3:      layout_basic, mainiacjoe_overflow_tiny_flanked,
          mainiacjoe_overflow_cross_hatched, grunt_temple_overflow_open,
          portal_sewer_entry_f, reono_crystal_passage
D:4:      layout_rooms, elyvilon_altar_3, enter_ossuary_2,
          biasface_ghost_orc_armoury, minivault_23, lightli_minifort
D:5:      layout_basic, minmay_misc_feat_five, grunt_decor_junction,
          minmay_divided_ellipse
D:6:      layout_loops_cross, nzn_wu_jian_council_hall,
          gammafunk_temple_overflow_claw, grunt_decor_mini_mirrors,
          st_stairs_12, uniq_pikel
D:7:      layout_loops_ring, marbit_many_paths, minmay_temple_entry_mist,
          uniq_joseph
D:8:      layout_rooms, lair_entry_dummy, chequers_serial_rivers_room_b,
          nicolae_eternal_life, amethyst_killhole, minmay_gold_behind_fungi,
          minmay_evil_grid
D:9:      layout_basic, kennysheep_mini_moat, kennysheep_little_box,
          xom_teletrap_fun, ebering_ghost_xom
D:10:     layout_irregular_city, mainiacjoe_overflow_catwalk,
          fedhas_ov_isle_minmay, trog_butcher_becter, minmay_misc_feat_hallway
D:11:     layout_basic, orc_0_dummy
D:12:     layout_roguey
D:13:     layout_irregular_city, erik_vaults_1, dreamdust_looks_like_rain,
          uniq_rupert, uniq_kirke, uniq_frances
D:14:     layout_cave_pools, nrook_mini_vaults
D:15:     grunt_enter_depths_giant_problem, layout_basic,
          hangedman_abyss_or_decor_clamps
Lair:1:   layout_cellular_growth, grunt_megastairs_1, lemuel_fruit_tree,
          serial_bayou_shore_a
Lair:2:   layout_layer_cave, skrybe_swamp_entry_bodies,
          minmay_snake_entry_guardpost_small
Lair:3:   layout_regular_city, gauntlet_entry_generic,
          portal_ice_cave_entry_imps, hellmonk_ghost_happy_afterlife
Lair:4:   layout_roguey, grunt_megastairs_2, serial_bayou_shore_b
Lair:5:   evilmike_catoblepas_cave, layout_regular_city,
          minmay_slime_entry_pillars
Swamp:1:  layout_falls_marsh, evilmike_swamp_ruin_wall
Swamp:2:  nicolae_swamp_husk_halls, layout_falls_marsh,
          evilmike_swamp_ruin_house_2, st_swamp_mini
Swamp:3:  layout_falls_marsh, ebering_ghost_xom, evilmike_swamp_ruin_house_5
Swamp:4:  swamp_icy, layout_basic_swamp, swamp_pool5,
          nicolae_swamp_alligator_family
Snake:1:  layout_misc_corridors, nicolae_shop_self_help, grunt_megastairs_5,
          uniq_aizul
Snake:2:  layout_gridlike, hangedman_snake_corridor_cut,
          nicolae_triple_integral, minmay_shop_star, uniq_agnes
Snake:3:  layout_onion_interference, serial_shops, shop,
          minmay_shop_enchanted_jewellery, nicolae_shop_unique_rings,
          serial_bayou_lagoon_b, minmay_shoptagon, grunt_megastairs_4
Snake:4:  snake_pit_salamanders_mu, layout_cave_town
Slime:1:  layout_caves
Slime:2:  layout_caves
Slime:3:  layout_caves
Slime:4:  layout_caves
Slime:5:  uniq_dissolution
Orc:1:    layout_caves, serial_shops, shop, minmay_orc_temple_c, uniq_josephine
Orc:2:    st_orc_pillars, layout_caves, dreamdust_deal_with_the_devil
Elf:1:    nicolae_elf_arrival_fired_up, layout_geoelf_diagonals, serial_shops,
          shop_coins, shop_statue, shop, shop_fountains, shop,
          minmay_elf_demonology
Elf:2:    elven_hall_of_blades_hangedman_original [nicolae_blade_little_rooms],
          layout_loops_cross, serial_sigils, serial_sigils_hangedman_snap,
          serial_sigils_hangedman_gut, serial_sigils_hangedman_writhe
Elf:3:    minmay_elf_hall, layout_onion_city
Vaults:1: hangedman_vaults_capsules, grunt_vaults_funnel, hangedman_vaults_maws,
          nicolae_vaults_network_star, v_rooms_4, nicolae_vaults_what_the_h,
          nicolae_vaults_little_squares_1, layout_vaults_quadrants
Vaults:2: gammafunk_ghost_wrathful_warriors, v_misc_11, v_misc_26,
          vaults_mumra_hexcomb, minmay_crypt_entry_necro_gods,
          nicolae_vaults_yaktaur_gun_rack, vaults_room_semicircle,
          vaults_room_hallway, vaults_room_pools, v_alt_pattern_1,
          layout_vaults_ring, uniq_asterion, uniq_zenata
Vaults:3: nicolae_vaults_stairing_the_circle, hangedman_vaults_variations,
          v_alt_pattern_1, nicolae_vaults_hallways_thing, v_misc_19,
          nicolae_vaults_mini_display_case, nicolae_vaults_network_periphery,
          hangedman_vaults_river_flow, nicolae_vaults_rhombus_6, v_misc_8,
          st_cross, ontoclasm_vaults_fault, vaults_room_corners,
          nicolae_vaults_diagonal_hallway_6, vaults_room_door_ring,
          layout_vaults_omnibox
Vaults:4: nicolae_vaults_network_quincunx
          [nicolae_vaults_network_quincunx_subvault,
          nicolae_vaults_network_quincunx_subvault,
          nicolae_vaults_network_quincunx_subvault,
          nicolae_vaults_network_quincunx_subvault,
          nicolae_vaults_network_quincunx_subvault], vaults_room_ringed_pool,
          nicolae_vaults_big_angled_halls, v_misc_5,
          ontoclasm_vaults_decontamination, ontoclasm_vaults_shuriken,
          vaults_mumra_chevron_long, grunt_vaults_diagonal, vaults_room_pools,
          vaults_room_semicircle, st_lattice, hangedman_vaults_trim,
          layout_vaults_omnicross
Vaults:5: uniq_frederick, uniq_xtahua, uniq_margery
Depths:1: layout_basic, enter_ziggurat_d, minmay_misc_feat_more_columns,
          hell_entry, ebering_dispersal_statue_hall, roderic_lattice_a,
          grunt_potential
Depths:2: minmay_crystal_thing, layout_gridlike, rand_demon_pan_entry_9,
          hell_entry, nicolae_abyss_entry_one_way_or_another,
          hangedman_abyss_or_decor_lesser_grid
Depths:3: minmay_the_grid_square_5x5_5x5 [minmay_the_grid_square_5x5_minibox,
          minmay_the_grid_square_5x5_inner_z,
          minmay_the_grid_square_5x5_dogpile, minmay_the_grid_square_5x5_plus,
          minmay_the_grid_square_5x5_broken_cross,
          minmay_the_grid_square_5x5_tetrominoes,
          minmay_the_grid_square_5x5_prize_waves,
          minmay_the_grid_square_5x5_sharp_hourglass,
          minmay_the_grid_square_5x5_prize_itemx,
          minmay_the_grid_square_5x5_empty, minmay_the_grid_square_5x5_percent,
          minmay_the_grid_square_5x5_minivault,
          minmay_the_grid_square_5x5_prize_gold, minmay_the_grid_square_5x5_two,
          minmay_the_grid_square_5x5_fat_x, minmay_the_grid_square_5x5_c,
          minmay_the_grid_square_5x5_prize_deathbox,
          minmay_the_grid_square_5x5_z,
          minmay_the_grid_square_5x5_prize_monsterx,
          minmay_the_grid_square_5x5_seven, minmay_the_grid_square_5x5_minimal,
          minmay_the_grid_square_5x5_mess, minmay_the_grid_square_5x5_comb,
          minmay_the_grid_square_5x5_tri_point,
          minmay_the_grid_square_5x5_inner_v], layout_honeycomb, pan_entry,
          marbit_kobold_abyss_entry, hell_entry, kennysheep_nub, serial_shops,
          nicolae_stop_n_shop_2, nrook_campfire, kennysheep_nondecorative_pillar
Depths:4: lemuel_castle_with_subvaults [lemuel_castle_interior_carwin_2],
          layout_gridlike, pf_hell_entry_great_geh, cheibrodos_ashenzari_chains
Abyss:2:  base: D:10, hangedman_abyss_or_decor_slice,
          evilmike_abyss_exit_mutagenic, base:
Zot:3

Skill      XL: |  1  2  3  4  5  6  7  8  9 10 11 12 13 14 15 16 17 18 19 20 21 22 23 24 25 26 27 |
---------------+----------------------------------------------------------------------------------+-----
Unarmed Combat | 3 4 5 7 9 11 13 15 16 19 21 24 25 | 25.4
Invocations    | 1 2 3 4 6 7 9 11 14 15 | 15.0
Fighting       | 4 6 7 8 9 11 14 15 16 | 16.0
Dodging        | 2 5 7 9 10 11 13 14 15 | 15.0
Armour         | 6 7 11 13 | 13.0
Shields        | 3 9 10 | 10.0
Spellcasting   | 1 5 10 | 10.0
Translocations | 1 7 |  7.0
Transmutations | 11 15 18 19 | 19.0
Conjurations   | 1 5 |  5.0
Hexes          | 5 |  5.0
Ranged Weapons | 7 12 | 12.0

Action                     |  1- 3 |  4- 6 |  7- 9 | 10-12 | 13-15 | 16-18 | 19-21 | 22-24 | 25-27 || total
---------------------------+-------+-------+-------+-------+-------+-------+-------+-------+-------++-------
  Melee: Unarmed           |    99 |   159 |   230 |   418 |  1011 |  1063 |  1470 |  1211 |   949 ||  6610
         Bite              |    24 |    32 |    88 |   143 |   475 |   479 |   741 |   471 |   393 ||  2846
         Punch             |       |     7 |     9 |    29 |    55 |       |       |    78 |    69 ||   247
         Tailslap          |       |       |       |       |       |       |       |   111 |    93 ||   204
   Fire: Shortbow          |     1 |    30 |    89 |    27 |       |       |       |       |       ||   147
         Sling             |       |       |       |    70 |   237 |   137 |   216 |    47 |    58 ||   765
  Throw: Dart              |       |       |       |       |       |       |    12 |       |       ||    12
   Cast: Dragon Form       |       |       |       |       |       |       |       |    42 |    40 ||    82
         Irradiate         |       |       |       |       |       |       |       |     3 |    16 ||    19
         Wereblood         |       |       |       |       |       |       |       |     8 |     1 ||     9
         Manifold Assault  |       |       |       |       |       |       |       |     3 |       ||     3
         Ice Form          |       |       |       |       |       |       |       |     1 |       ||     1
 Invoke: Draw Destruction  |       |       |     7 |    37 |    33 |    35 |    33 |    26 |     6 ||   177
         Draw Summoning    |       |       |     1 |    11 |    17 |     4 |     7 |     2 |     4 ||    46
         Draw Escape       |       |       |       |     3 |       |     6 |     4 |     1 |     6 ||    20
         Deal Four         |       |       |       |       |     1 |     4 |     3 |     6 |     9 ||    23
         Triple Draw       |       |       |       |       |       |       |       |     1 |       ||     1
Ability: Breathe Fire      |       |       |       |       |       |       |       |    11 |     7 ||    18
         End Transformatio |       |       |       |       |       |       |       |     7 |     5 ||    12
  Evoke: Wand              |       |       |       |     2 |     4 |     8 |       |     1 |     1 ||    16
         Tin of tremorston |       |       |       |       |     2 |       |       |       |       ||     2
         Phial of floods   |       |       |       |       |       |     1 |       |       |       ||     1
         Condenser vane    |       |       |       |       |       |       |     1 |       |       ||     1
    Use: Scroll            |     7 |     3 |     6 |     6 |    15 |    12 |     5 |    12 |    13 ||    79
         Potion            |       |       |       |     1 |       |     1 |     2 |     1 |     1 ||     6
   Stab: Petrified         |       |       |       |     3 |    23 |       |     4 |       |     1 ||    31
         Petrifying        |       |       |       |       |     5 |       |       |       |       ||     5
         Distracted        |       |       |       |       |     4 |       |     1 |     2 |     4 ||    11
         Confused          |       |       |       |       |       |       |     5 |       |     2 ||     7
         Sleeping          |       |       |       |       |       |       |       |     1 |       ||     1
 Armour: Scale mail        |    36 |    68 |    72 |       |   304 |   271 |   353 |     9 |       ||  1113
         Ring mail         |       |       |    30 |    40 |       |       |       |       |       ||    70
         Acid dragon scale |       |       |       |   104 |       |       |       |       |       ||   104
         Chain mail        |       |       |       |    18 |    51 |       |   105 |       |       ||   174
         Leather armour    |       |       |       |       |       |       |       |   122 |    90 ||   212
         Skin              |       |       |       |       |       |       |       |   103 |   100 ||   203
  Dodge: Dodged            |    39 |    71 |   110 |   319 |   516 |   510 |   784 |   723 |   694 ||  3766
  Block: Buckler           |     6 |       |       |       |    10 |       |       |    52 |   214 ||   282
         Kite shield       |       |       |       |       |   174 |   637 |   917 |   288 |       ||  2016
         Reflection        |       |       |       |       |       |       |    54 |    19 |       ||    73

Table legend: (Time is in decaauts)
 A = Elapsed time spent in this place.
 B = Non-inter-level travel time spent in this place.
 C = Inter-level travel time spent in this place.
 D = Time resting spent in this place.
 E = Time spent auto-exploring this place.
 F = Levels seen in this place.
 G = Mean time per level.
                   A        B        C        D        E       F      G
               +--------+--------+--------+--------+--------+-----+--------+
         Total |  61522 |  55257 |   6265 |   4327 |  32727 |  54 | 1139.3 |
       Dungeon |  13616 |  11590 |   2026 |    402 |   8049 |  15 |  907.7 |
          Lair |   7093 |   5920 |   1173 |    161 |   4112 |   5 | 1418.6 |
         Swamp |   3769 |   3575 |    194 |    246 |   2090 |   4 |  942.2 |
     Snake Pit |   6471 |   5887 |    584 |    363 |   3364 |   4 | 1617.8 |
    Slime Pits |   3959 |   3692 |    267 |    802 |   1452 |   5 |  791.8 |
  Orcish Mines |   2262 |   2053 |    209 |      0 |    981 |   2 | 1131.0 |
   Elven Halls |   4528 |   4310 |    218 |    726 |   2038 |   3 | 1509.3 |
        Vaults |   9137 |   8127 |   1010 |   1013 |   4402 |   5 | 1827.4 |
        Depths |   7237 |   6657 |    580 |    467 |   4521 |   4 | 1809.2 |
         Abyss |   1355 |   1355 |      0 |      0 |    891 |   3 |  451.7 |
         Sewer |    900 |    900 |      0 |     31 |    597 |   1 |  900.0 |
       Ossuary |    193 |    193 |      0 |     21 |      0 |   1 |  193.0 |
      Ice Cave |    643 |    643 |      0 |     55 |    226 |   1 |  643.0 |
      Gauntlet |    352 |    352 |      0 |     39 |      0 |   1 |  352.0 |
               +--------+--------+--------+--------+--------+-----+--------+

Top non-repeatable levels by time:
Vaults:1: 2634 daAuts
 Snake:4: 2331 daAuts
Depths:4: 2120 daAuts
Depths:2: 2031 daAuts
Vaults:4: 2016 daAuts
  Lair:2: 1946 daAuts
   Elf:3: 1944 daAuts
Depths:3: 1828 daAuts
Vaults:5: 1739 daAuts
   Elf:2: 1621 daAuts
  Lair:5: 1587 daAuts
 Snake:2: 1547 daAuts
 Snake:3: 1543 daAuts
  Lair:1: 1523 daAuts
Vaults:3: 1498 daAuts
